[Event "Late-Titled-Tuesday-Blitz-November-28-2023"]
[Site "Chess.com"]
[Date "2023.11.28"]
[Round "6"]
[White "DefiantChair"]
[Black "Jahonas"]
[Result "1/2-1/2"]
[WhiteElo "2610"]
[BlackElo "2425"]
[TimeControl "180+1"]
[EndTime "15:05:06 PST"]
[Termination "Game drawn by repetition"]

1. e4 c6 2. d4 d5 3. e5 Bf5 4. Nf3 e6 5. Be2 Nd7 6. Nbd2 Ne7 7. O-O h6 8. a4 a5 9. Nb3 Bh7 10. Bd3 Nf5 11. c3 Be7 12. Qc2 Nf8 13. g4 Nh4 14. Nxh4 Bxd3 15. Qxd3 Bxh4 16. f4 Be7 17. f5 Bg5 18. Nc5 Bxc1 19. Raxc1 Qg5 20. Kh1 Qxg4 21.
Nxb7 Qe4+ 22. Qxe4 dxe4 23. Nd6+ Ke7 24. f6+ gxf6 25.
Rxf6 Rh7 26. Rcf1 Nd7 27. Rxf7+ Rxf7 28. Rxf7+ Kd8 29. Nxe4 Rb8 30. b3 Ke8 31. Nd6+ Kd8 32. Rh7 Rxb3 33. Rxh6 Nf8 34. Rh8 Ke7 35. h4 Rxc3 36.
h5 c5 37. dxc5 Rxc5 38. h6 Rxe5 39. Nc8+ Kf7 40. Nd6+ Ke7 41. Nc8+ Kf7 42. Kg2 Rg5+ 43. Kf3 Rh5 44. Nd6+ Ke7 45. Ne4 Rh4 46. Ng5 Rxa4 47. h7 Nxh7 48. Rxh7+ Kf6 49. Ne4+ Kg6 50. Ra7 Ra1 51.
Kf4 a4 52. Ke5 a3 53. Ra6 Kf7 54. Ng5+ Ke7 55. Ra7+ Kd8 56. Nf7+ Kc8 57. Ra4 a2 58. Nd6+ Kd7 59. Ne4 Kc6 60. Ra8 Kb5 61. Nc3+ Kc4 62. Ne4 Kb3 63. Rb8+ Kc2 64. Ra8 Kb2 65. Rb8+ Kc2 66. Rc8+ Kb2 67. Rb8+ Kc2 1/2-1/2

[Event "Late-Titled-Tuesday-Blitz-November-28-2023"]
[Site "Chess.com"]
[Date "2023.11.28"]
[Round "6"]
[White "SpeedofLight0"]
[Black "ChessSwole"]
[Result "0-1"]
[WhiteElo "2868"]
[BlackElo "2693"]
[TimeControl "180+1"]
[EndTime "15:05:08 PST"]
[Termination "ChessSwole won by resignation"]

1. d4 d5 2. c4 c6 3. Nf3 Nf6 4. Qc2 g6 5. g3 Bg7 6. Bg2 O-O 7. O-O dxc4 8. a4 a5 9. Na3 Na6 10. Nxc4 Nb4 11. Qd1 Bf5 12. Bf4 Be4 13. Rc1 Na2 14. Ra1 Nb4 15. Be5 Ra6 16. Rc1 Na2 17. Ra1 Nb4 18. Ne1 Bxg2 19. Kxg2 Qd5+ 20. e4 Qxc4 21. f3 Rd8 22. Rf2 Ne8 23. Rd2 Raa8 24. g4 Bf8 25. Bg3 Bg7 26. Rc1 Qe6 27. h4 Nd6 28. b3 b5 29. e5 Ne8 30. f4 Qd5+ 31. Nf3 Nc7 32. f5 Qe4 33. Kh3 Ncd5 34. Ng5 Qe3 35. Kh2 Nf4 36. Rf2 Nfd3 37. Rf3 Qxc1 38. Rxd3 Nxd3 39. Qxd3 Qb2+ 40. Kh3 Qxd4 41. Qc2 Bxe5 42. fxg6 hxg6 43. Qxc6 Qe3 44. Nf3 Bxg3 45. Kxg3 Qe6 46. Qc5 Qd6+ 47. Qe5 Qxe5+ 48. Nxe5 bxa4 49. bxa4 Rd4 50. h5 gxh5 51.
gxh5 Rxa4 52. h6 f6 53. Ng6 Kh7 54. Nxe7 Kxh6 55. Nf5+ Kg5 56. Ne3 Ra3 57. Kf3 Rxe3+ 58. Kxe3 Rd8 0-1

[Event "Late-Titled-Tuesday-Blitz-November-28-2023"]
[Site "Chess.com"]
[Date "2023.11.28"]
[Round "6"]
[White "ural58"]
[Black "GMJustin"]
[Result "1/2-1/2"]
[WhiteElo "2465"]
[BlackElo "2322"]
[TimeControl "180+1"]
[EndTime "15:05:08 PST"]
[Termination "Game drawn - insufficient material"]

1. e4 e5 2. Nf3 Nc6 3. Bc4 Bc5 4. b4 Bxb4 5. c3 Bd6 6. d4 Nf6 7. O-O O-O 8. Bg5 h6 9. Bh4 Be7 10. Nbd2 Nxe4 11. Bxe7 Nxe7 12. Bxf7+ Rxf7 13. Nxe4 d5 14. dxe5 Bg4 15. Ned2 Nc6 16. Re1 d4 17. Qb3 dxc3 18. Qxc3 Qd5 19. Qb3 Qxb3 20. axb3 Rd8 21. h3 Bh5 22.
Re3 a6 23. g4 Bg6 24. Nc4 Rd3 25. Rxd3 Bxd3 26. Nfd2 Nd4 27. Kg2 Nxb3 28. Nxb3 Bxc4 29. Nc5 Bd5+ 30. Kg1 b6 31. Nxa6 Bb7 32. Nb4 c5 33. Nd3 Be4 34. Nc1 c4 35. Ne2 b5 36. Nc3 Bc6 37. Rb1 Rb7 38. Rb4 Bd7 39. f4 g6 40. Kf2 Kf7 41. Ke3 h5 42. Kd4 hxg4 43.
hxg4 Bxg4 44. Rxb5 Rxb5 45. Nxb5 Ke6 46. Nd6 Be2 47.
Nxc4 Bxc4 48. Kxc4 g5 49. fxg5 Kxe5 50. g6 Kf6 51. g7 Kxg7 1/2-1/2

[Event "Late-Titled-Tuesday-Blitz-November-28-2023"]
[Site "Chess.com"]
[Date "2023.11.28"]
[Round "6"]
[White "GoltsevDmitry2000"]
[Black "alexrustemov"]
[Result "1-0"]
[WhiteElo "2679"]
[BlackElo "2838"]
[TimeControl "180+1"]
[EndTime "15:05:11 PST"]
[Termination "GoltsevDmitry2000 won on time"]

1. e4 g6 2. h4 d5 3. Nc3 d4 4. Nce2 c5 5. h5 Nc6 6. hxg6 fxg6 7. d3 e5 8. g3 Nf6 9. Bh3 Bg7 10. Bxc8 Qxc8 11.
f3 Qe6 12. b3 O-O-O 13. Bd2 Rdf8 14. Qc1 Rf7 15. Qb2 Kb8 16. a3 a6 17. Nh3 h6 18. Nf2 Nh5 19. f4 Rhf8 20. O-O-O Nf6 21. fxe5 Nxe5 22. Nf4 Qd6 23. b4 Nfd7 24. bxc5 Nxc5 25.
Bb4 Rc8 26. Kb1 Rfc7 27. Nd5 Rc6 28. Rhf1 Qe6 29. g4 Na4 30. Qb3 Rxc2 31. Qxa4 b5 32. Qxc2 Rxc2 33. Kxc2 Nc6 34. Nh3 g5 35. Rf5 a5 36.
Bc5 b4 37. axb4 axb4 38. Rb1 Kc8 39. Bxb4 Be5 40. Bc5 Bc7 41. Rb5 Qd7 42. Rf8+ Nd8 43. Rb4 Qc6 44. Ne7+ 1-0

[Event "Late-Titled-Tuesday-Blitz-November-28-2023"]
[Site "Chess.com"]
[Date "2023.11.28"]
[Round "6"]
[White "OneTrickPony_82"]
[Black "reevecanada"]
[Result "1/2-1/2"]
[WhiteElo "2479"]
[BlackElo "2635"]
[TimeControl "180+1"]
[EndTime "15:05:12 PST"]
[Termination "Game drawn - insufficient material"]

1. d4 e5 2. dxe5 Nc6 3. Nf3 Qe7 4. Bg5 Qb4+ 5. Nc3 Qxb2 6. Bd2 Bb4 7. Rb1 Qa3 8. Nd5 Ba5 9. Bxa5 Qxa5+ 10. Qd2 Qxd2+ 11. Kxd2 Kd8 12. e4 Nge7 13. Ng5 Nxe5 14. f4 h6 15. fxe5 hxg5 16. Nxe7 Kxe7 17. Bc4 f6 18. exf6+ gxf6 19. g3 d6 20. h4 g4 21. Rhf1 c6 22. Rf4 b5 23. Be2 Rg8 24. Rbf1 Rg6 25. h5 Rh6 26. Bxg4 Bxg4 27. Rxg4 Rxh5 28. Rg7+ Ke6 29. Kd3 Rg5 30. Rxg5 fxg5 31. Rf5 Rg8 32. g4 Rg7 33. e5 dxe5 34. Ke4 Kd6 35. Rxe5 a5 36. Kd4 a4 37.
a3 Rg6 38. Rf5 Rg7 39. c4 bxc4 40. Kxc4 Kc7 41. Kc5 Rg6 42. Rf7+ Kd8 43. Ra7 Rf6 44. Rxa4 Kd7 45. Ra7+ Ke6 46. Kxc6 Ke5+ 47. Kc5 Kf4 48. a4 Kxg4 49. a5 Rg6 50. a6 Rg8 51. Kb5 Kg3 52.
Rb7 g4 53. a7 Ra8 54. Kb6 Kh2 55. Rb8 Rxa7 56. Kxa7 g3 57. Rg8 g2 58. Rxg2+ Kxg2 1/2-1/2

[Event "Late-Titled-Tuesday-Blitz-November-28-2023"]
[Site "Chess.com"]
[Date "2023.11.28"]
[Round "6"]
[White "Jaka_Brilej"]
[Black "GoValya"]
[Result "1-0"]
[WhiteElo "2466"]
[BlackElo "2216"]
[TimeControl "180+1"]
[EndTime "15:05:12 PST"]
[Termination "Jaka_Brilej won by checkmate"]

1. d4 Nf6 2. Nc3 g6 3. e4 d6 4. Nf3 Bg7 5. Be2 O-O 6. O-O Nbd7 7. h3 e5 8. dxe5 dxe5 9. Be3 a6 10. a4 b6 11. Nd2 Bb7 12. Bf3 Qe7 13. Qe2 Nc5 14. Rfd1 Rfd8 15. Rab1 Ne6 16. Nb3 c5 17. Nd5 Nxd5 18.
exd5 Nd4 19. Bxd4 cxd4 20. Nxd4 Bxd5 21. Nf5 gxf5 22. Bxd5 Ra7 23. c4 Rad7 24. b4 e4 25. Rb3 Be5 26. Qh5 b5 27. Rdb1 bxa4 28. Ra3 Rd6 29. Qxf5 Rg6 30. Qxe4 Qc7 31. Rxa4 Qd7 32.
Ra2 Bc7 33. Rb3 Qd6 34. g3 Kh8 35. Rf3 Rdg8 36. Raa3 Qxb4 37. Qd4+ f6 38. Bxg8 Qb1+ 39. Kg2 Kxg8 40. Rae3 Be5 41. Qd5+ Kg7 42. Rxe5 fxe5 43. Qf7+ Kh6 44. Qf8+ Kh5 45. Rf5+ Rg5 46. g4+ Kg6 47.
Qf6# 1-0

[Event "Late-Titled-Tuesday-Blitz-November-28-2023"]
[Site "Chess.com"]
[Date "2023.11.28"]
[Round "6"]
[White "CraiggoryC"]
[Black "SmirnovTimofey2000"]
[Result "1-0"]
[WhiteElo "2185"]
[BlackElo "2053"]
[TimeControl "180+1"]
[EndTime "15:05:13 PST"]
[Termination "CraiggoryC won by checkmate"]

1. e4 e5 2. Nf3 Nf6 3. Nxe5 d6 4. Nf3 Nxe4 5. Nc3 Nxc3 6. dxc3 Be7 7. Be3 Be6 8. Qd2 O-O 9. O-O-O a5 10. Kb1 Nc6 11. h4 Ne5 12. Ng5 Nc4 13. Qd3 Bxg5 14. hxg5 g6 15. Bc1 Ne5 16. Qg3 a4 17. a3 f5 18. Re1 Qd7 19. f4 Ng4 20. Be2 Rae8 21. Bf3 b5 22. Re2 c5 23. Rd1 b4 24. cxb4 cxb4 25.
axb4 a3 26. Red2 a2+ 27. Ka1 d5 28. Bxd5 Bxd5 29. Rxd5 Qf7 30. Rd7 Re7 31. Rxe7 Qxe7 32. Qb3+ Kh8 33. Qxa2 Ne3 34. Bxe3 Qxe3 35. Kb1 Qxf4 36.
Qd5 Qc7 37. Qd4+ Qg7 38. Qd6 Rg8 39. c3 Re8 40. g3 Qe7 41. Qc6 Qe2 42. Rd7 Qe1+ 43.
Ka2 Qe4 44. Qf6+ Kg8 45. Qg7# 1-0

[Event "Late-Titled-Tuesday-Blitz-November-28-2023"]
[Site "Chess.com"]
[Date "2023.11.28"]
[Round "6"]
[White "kai_nov"]
[Black "WindWhistler11"]
[Result "1-0"]
[WhiteElo "2293"]
[BlackElo "2540"]
[TimeControl "180+1"]
[EndTime "15:05:14 PST"]
[Termination "kai_nov won by checkmate"]

1. d4 e6 2. c4 Nf6 3. Nc3 c5 4. d5 exd5 5. cxd5 Bd6 6. g3 O-O 7. Bg2 Re8 8. Nf3 Bc7 9. d6 Ba5 10. O-O h6 11. Nd5 Nc6 12. Nh4 Nxd5 13. Qxd5 Re5 14.
Qd3 b6 15. Bf4 Re6 16. Nf5 Rb8 17. Bxc6 dxc6 18. Ne7+ Kh8 19. Nxc6 Bd7 20. Nxd8 Rxd8 21. e4 Bc6 22. e5 b5 23. h4 c4 24. Qf5 Kg8 25. a3 Bd7 26. Qe4 Bb6 27. Qd5 Be8 28. Be3 Ba5 29. Rad1 a6 30. Bc5 Bd7 31. f4 Rg6 32. f5 Rxg3+ 33. Kh2 Rg4 34. e6 Be8 35. d7 Bc7+ 36. Kh1 Rxh4+ 37. Kg2 Rh2+ 38. Kg1 Bxd7 39. exd7 Rh5 40. Be7 Rb8 41. d8=Q+ Bxd8 42. Bxd8 Kh7 43. Rf2 Rb7 44. Rg2 Ra7 45. Re1 g6 46. Re7 Rxe7 47.
Bxe7 Rxf5 48. Qd4 h5 49. Bf8 f6 50. Qd7+ Kh8 51. Qg7# 1-0

[Event "Late-Titled-Tuesday-Blitz-November-28-2023"]
[Site "Chess.com"]
[Date "2023.11.28"]
[Round "6"]
[White "SEBAZZANO"]
[Black "Fortitudine"]
[Result "0-1"]
[WhiteElo "2257"]
[BlackElo "2376"]
[TimeControl "180+1"]
[EndTime "15:05:14 PST"]
[Termination "Fortitudine won on time"]

1. d4 Nf6 2. Bf4 g6 3. Nc3 d6 4. e4 Nc6 5. Nf3 Bg4 6. d5 Nb8 7. Be2 Bg7 8. Qd2 c6 9. h3 Bxf3 10. Bxf3 Qa5 11. O-O O-O 12. Rad1 Rd8 13. Rfe1 Nbd7 14.
Bh6 Bh8 15. g3 Re8 16. Bg2 Rac8 17. Kh2 Ne5 18. Qe2 cxd5 19. exd5 Qa6 20. Qxa6 bxa6 21. Be3 Rc7 22. Bd4 Ned7 23. Bf1 Nc5 24. Bxc5 Rxc5 25. Bxa6 Bg7 26. Bb5 Rb8 27. a4 Bf8 28. Rb1 Nxd5 29. Nxd5 Rxd5 30. Bd3 e6 31. b3 Rd4 32. Rbd1 Kg7 33.
Bc4 Rxd1 34. Rxd1 d5 35. Bd3 a5 36. f4 Bb4 37. Kg2 Rc8 38. Kf3 h5 39. g4 hxg4+ 40. hxg4 Rh8 41. Kg2 Kf6 42. Rh1 Rxh1 43. Kxh1 g5 44.
fxg5+ Kxg5 45. Be2 Kf4 46. Kg2 Ke3 47. Kf1 f6 48. Bd3 e5 49. Bf5 Kd2 50. Be6 d4 51.
Bf5 Ke3 52. Bd3 e4 53. Bb5 d3 54. cxd3 exd3 55. Bc4 Kd2 56. Kf2 Kc2 0-1

[Event "Late-Titled-Tuesday-Blitz-November-28-2023"]
[Site "Chess.com"]
[Date "2023.11.28"]
[Round "6"]
[White "temiksmozg"]
[Black "Andrei_Skvortsov"]
[Result "0-1"]
[WhiteElo "2600"]
[BlackElo "2758"]
[TimeControl "180+1"]
[EndTime "15:05:16 PST"]
[Termination "Andrei_Skvortsov won on time"]

1. e4 d5 2. exd5 Qxd5 3. Nc3 Qe5+ 4. Be2 Bg4 5. d4 Bxe2 6. Ngxe2 Qa5 7. b4 Qxb4 8. Qd3 Qd6 9. Bf4 Qd7 10. d5 Nf6 11. O-O c6 12. dxc6 Nxc6 13. Qb5 e5 14. Rfd1 Qc7 15.
Bg5 a6 16. Qa4 Qa5 17. Qxa5 Nxa5 18. Bxf6 gxf6 19. Nd5 O-O-O 20. Nxf6 Bc5 21. Ne4 Be7 22. N2g3 Rxd1+ 23. Rxd1 Rd8 24. Rxd8+ Kxd8 25. Nf5 Nc4 26. Kf1 Kd7 27. Ke2 b5 28. g4 f6 29. Kd3 Nb2+ 30. Kc3 Na4+ 31. Kd2 Bb4+ 32. Kd3 Nb2+ 33. Ke2 Ke6 34.
h4 Bf8 35. h5 Nc4 36. Kd3 Nb6 37. Ne3 Be7 38. Ng3 Bc5 39. Nd1 Nd5 40. f3 Nb4+ 41.
Kd2 Nxa2 42. c3 b4 43. Ne4 Be7 44. Kc2 Nxc3 45. Ndxc3 bxc3 46. Kxc3 Kd5 47. Kd3 a5 48. Nc3+ Kc5 49. Kc2 Kc4 50. Ne2 a4 51. f4 a3 0-1

[Event "Late-Titled-Tuesday-Blitz-November-28-2023"]
[Site "Chess.com"]
[Date "2023.11.28"]
[Round "6"]
[White "Heinza9"]
[Black "DvaHrasta"]
[Result "1/2-1/2"]
[WhiteElo "2336"]
[BlackElo "2495"]
[TimeControl "180+1"]
[EndTime "15:05:20 PST"]
[Termination "Game drawn by repetition"]

1. e4 c6 2. d4 d5 3. exd5 cxd5 4. c4 Nf6 5. Nc3 Nc6 6. Bg5 dxc4 7. Bxc4 e6 8. Nf3 Be7 9. O-O O-O 10. a3 a6 11. Qd3 b5 12. Ba2 Bb7 13. Rad1 Rc8 14. Bxf6 Bxf6 15. d5 exd5 16. Nxd5 Bxb2 17. h4 Ne5 18.
Nxe5 Bxe5 19. Qe4 Re8 20. Nf6+ Qxf6 21. Qxb7 Rc7 22. Qd5 Qxh4 23. g3 Bxg3 24. fxg3 Qxg3+ 25. Qg2 Qxg2+ 26. Kxg2 Rc2+ 27. Rf2 Rxf2+ 28. Kxf2 g6 29. Rd7 Rf8 30. Ra7 Kg7 31. Rxa6 f5 32. Ra7+ Kh6 33. Kf3 Rc8 34. Kf4 Rc5 35. Bg8 g5+ 36. Ke3 Re5+ 37. Kf3 Rc5 38. Rxh7+ Kg6 39. Rd7 g4+ 40. Kf2 Rc2+ 41. Ke3 g3 42. Kf3 g2 43. Rd1 Rc3+ 44. Kxg2 Rxa3 45. Bd5 Kg5 46. Rb1 Ra5 47. Rb2 Kf4 48.
Bf3 Ke3 49. Be2 f4 50. Bf3 Ra3 51. Re2+ Kd3 52. Rb2 Ke3 53. Re2+ Kd3 54. Rb2 Ke3 1/2-1/2

[Event "Late-Titled-Tuesday-Blitz-November-28-2023"]
[Site "Chess.com"]
[Date "2023.11.28"]
[Round "6"]
[White "Lukianoo"]
[Black "Goffredo_Fofi"]
[Result "1/2-1/2"]
[WhiteElo "2821"]
[BlackElo "2534"]
[TimeControl "180+1"]
[EndTime "15:05:21 PST"]
[Termination "Game drawn by repetition"]

1. e4 g6 2. d4 Bg7 3. Nc3 c6 4. Nf3 d5 5. h3 dxe4 6. Nxe4 Nf6 7. Nxf6+ exf6 8. Be3 O-O 9. Be2 a5 10. O-O Na6 11.
Qd2 Re8 12. Rfe1 Nc7 13. Bh6 Bxh6 14. Qxh6 Bf5 15. c3 Nd5 16. Qd2 Qd6 17. Nh2 Nf4 18. Bf1 Kg7 19. Rxe8 Rxe8 20. Re1 Rxe1 21. Qxe1 Be6 22.
a3 Qd5 23. Qe3 Qd6 24. Nf3 Nd5 25. Qe1 Nb6 26. Nd2 Na4 27. Qc1 Qf4 28. g3 Qd6 29.
Nc4 Qc7 30. Qc2 b5 31. Ne3 Nb6 32. h4 h5 33. Qe4 a4 34. Bg2 Nd5 35. Qd3 Qd6 36.
Bf3 f5 37. Qd2 Nf6 38. Ng2 Bd5 39. Bxd5 Nxd5 40. Nf4 Nxf4 41. Qxf4 Qxf4 42. gxf4 f6 43. Kg2 Kh6 44. Kg3 g5 45. Kh3 Kg6 46. Kg3 Kh6 47.
Kg2 Kg6 48. Kf3 gxh4 49. Kg2 Kh6 50. Kh3 Kg6 51. Kxh4 Kh6 52. Kg3 Kg6 53. Kh3 Kh6 54. Kh4 Kg6 55. f3 Kh6 56. Kg3 Kg6 57. Kh4 Kh6 58.
Kg3 Kg6 59. Kh4 1/2-1/2

[Event "Late-Titled-Tuesday-Blitz-November-28-2023"]
[Site "Chess.com"]
[Date "2023.11.28"]
[Round "6"]
[White "Elbebiber"]
[Black "PNEPaul"]
[Result "1-0"]
[WhiteElo "2131"]
[BlackElo "1858"]
[TimeControl "180+1"]
[EndTime "15:05:22 PST"]
[Termination "Elbebiber won on time"]

1. d4 a6 2. e4 d6 3. Be3 g6 4. c3 Bg7 5. Bd3 Nd7 6. Nd2 h6 7. Ngf3 e5 8. Qe2 Ne7 9. O-O O-O 10. h3 f5 11. Nc4 f4 12. Bc1 b5 13. Na3 g5 14.
dxe5 Nxe5 15. Nxe5 dxe5 16. f3 Qe8 17. Bc2 Qg6 18.
Bb3+ Kh7 19. c4 b4 20. Nc2 a5 21.
c5 h5 22. Bd5 Nxd5 23. exd5 Bf5 24. Ne1 Rad8 25. a3 Rxd5 26. axb4 axb4 27. Ra6 Bd3 28. Nxd3 Qxd3 29. Qxd3+ Rxd3 30. Rc6 Rf7 31. Re1 Rfd7 32. Kf1 Rd1 33. Ke2 Rxe1+ 34. Kxe1 Re7 35. Ke2 e4 36. fxe4 Rxe4+ 37. Kf3 Re7 38. b3 Bd4 39. Bd2 Be3 40. Bxb4 Bg1 41. Bd2 Be3 42. Ba5 Bg1 43. Rxc7 Rxc7 44.
Bxc7 Bxc5 45. h4 Kg6 46. hxg5 Kxg5 47. Bxf4+ Kf5 48. Be3 Be7 49. Bd4 Bd6 50. Bb6 Be7 51. Ba5 Bg5 52. b4 Bd2 53. Ke2 Bc3 54. Kd3 Be1 55.
Kc4 Kg4 56. Bc7 1-0

[Event "Late-Titled-Tuesday-Blitz-November-28-2023"]
[Site "Chess.com"]
[Date "2023.11.28"]
[Round "6"]
[White "SouS007"]
[Black "SalihEke"]
[Result "0-1"]
[WhiteElo "2611"]
[BlackElo "2503"]
[TimeControl "180+1"]
[EndTime "15:05:23 PST"]
[Termination "SalihEke won by checkmate"]

1. Nf3 d5 2. d4 Nf6 3. g3 e6 4.
Bg2 Nbd7 5. O-O Bd6 6. c4 c6 7. Nc3 O-O 8. Nd2 Bc7 9. e4 dxe4 10. Ndxe4 h6 11. h3 Nxe4 12. Nxe4 Nf6 13. Nc3 e5 14.
Be3 Bf5 15. dxe5 Bxe5 16. Qf3 Bg6 17. Rad1 Qa5 18. Bd2 Qc5 19. b3 Rad8 20. Na4 Qa3 21. Bc3 Bxc3 22. Nxc3 Qb2 23. Qe3 Rfe8 24. Rxd8 Rxd8 25.
Qc1 Rd2 26. Qxb2 Rxb2 27. Rc1 Kf8 28. Bf3 Ke7 29. Re1+ Kd6 30. Re2 Rxe2 31. Bxe2 Kc5 32. a3 Kd4 33. Na4 Bc2 34. f4 Bxb3 35. Nb2 Ne4 36. Bh5 f6 37. Kg2 Bxc4 38. Nxc4 Kxc4 39. Bg4 Kb3 40. Bc8 Nd6 41. Be6+ Kxa3 42. g4 b5 43. Kf3 b4 44. Ke3 b3 45. Kd2 a5 46. Kc3 c5 47.
Bxb3 a4 48. Bd1 Ne4+ 49. Kc4 Nf2 50. Bc2 Nxh3 51. Kxc5 Nf2 52. Kb5 Nxg4 53. Bxa4 h5 54. Bd1 f5 55. Kc4 h4 56. Kd3 Nf2+ 57. Ke2 Nxd1 58.
Kxd1 h3 59. Ke2 h2 60. Kf2 h1=Q 61. Kg3 Qe4 62. Kh4 Qxf4+ 63. Kh5 Qg4# 0-1

[Event "Late-Titled-Tuesday-Blitz-November-28-2023"]
[Site "Chess.com"]
[Date "2023.11.28"]
[Round "6"]
[White "The_Princess_Moon"]
[Black "thechessnoob12345"]
[Result "0-1"]
[WhiteElo "2379"]
[BlackElo "2304"]
[TimeControl "180+1"]
[EndTime "15:05:24 PST"]
[Termination "thechessnoob12345 won by resignation"]

1. e4 d5 2. exd5 Qxd5 3. Nc3 Qa5 4. d4 Nf6 5. Nf3 c6 6. Bc4 Bg4 7. h3 Bxf3 8. Qxf3 e6 9. Bd2 Nbd7 10. O-O-O Qc7 11.
Rhe1 Be7 12. g4 O-O 13. g5 Ne8 14. Bd3 b5 15. Bf4 Bd6 16. Bxd6 Nxd6 17. Qh5 g6 18. Qf3 b4 19. Ne4 Nxe4 20. Bxe4 Rac8 21. h4 c5 22. d5 Ne5 23. Qe2 exd5 24. Bxd5 Rfe8 25. f4 Nc6 26. Qg2 Nd4 27. Rxe8+ Rxe8 28. Bc4 Qxf4+ 29. Kb1 Qxh4 30. Qd5 Ne6 31. Rh1 Qxg5 32. Qf3 h5 33. Rf1 Qe7 34. Rg1 Kg7 35. b3 Nd4 36. Qf2 Qf6 37.
Qxf6+ Kxf6 38. Rf1+ Nf5 39. Bd3 h4 40. Kb2 Rh8 41. a3 bxa3+ 42. Kxa3 h3 43. Be4 h2 44. b4 cxb4+ 45. Kxb4 Ke5 46. Bc6 Ng3 47. Re1+ Kd6 48.
Bg2 f5 49. Bh1 Nxh1 50. Rxh1 g5 51. Rd1+ Kc6 52. c4 h1=Q 53. Re1 Qxe1+ 0-1

[Event "Late-Titled-Tuesday-Blitz-November-28-2023"]
[Site "Chess.com"]
[Date "2023.11.28"]
[Round "6"]
[White "ahkashefi2800"]
[Black "NCchamp"]
[Result "0-1"]
[WhiteElo "2563"]
[BlackElo "2383"]
[TimeControl "180+1"]
[EndTime "15:05:25 PST"]
[Termination "NCchamp won on time"]

1. d4 d5 2. c4 dxc4 3. Nc3 Nc6 4. Nf3 a6 5. d5 Na5 6. e4 b5 7. Bf4 Bb7 8. g4 c6 9. Bg2 cxd5 10. exd5 Nf6 11. Ne5 e6 12. dxe6 Qxd1+ 13. Rxd1 Bxg2 14. exf7+ Ke7 15. Rg1 Bb7 16. Rg3 Rd8 17. Re3 Rxd1+ 18. Kxd1 Kd8 19. g5 Nh5 20. Ne2 Bc5 21. Rh3 g6 22.
Be3 Bd6 23. Bd4 Rf8 24. f4 Nc6 25. Nxc6+ Bxc6 26. Bb6+ Bc7 27. Nd4 Bg2 28. Bxc7+ Kxc7 29. Rxh5 Rxf7 30. Rh4 Bd5 31. f5 gxf5 32. Rf4 Kd6 33. Nxf5+ Ke5 34. Rh4 Kxf5 35. Rh6 Kxg5 36. Rxa6 Kf5 37.
Ra5 Ke5 38. Rxb5 Rb7 39. Rxb7 Bxb7 40. Kd2 Kd4 41. a3 Kc5 42. Kc3 Bd5 43. a4 Be6 44.
h4 Bf7 0-1

[Event "Late-Titled-Tuesday-Blitz-November-28-2023"]
[Site "Chess.com"]
[Date "2023.11.28"]
[Round "6"]
[White "DreamsAreFake"]
[Black "DuleMudule"]
[Result "1-0"]
[WhiteElo "2678"]
[BlackElo "2850"]
[TimeControl "180+1"]
[EndTime "15:05:27 PST"]
[Termination "DreamsAreFake won on time"]

1. Nf3 d5 2. g3 Nc6 3. Bg2 e5 4. d3 f6 5. O-O Be6 6. c3 Qd7 7. b4 Bh3 8. Nbd2 h5 9. Nb3 h4 10. e4 hxg3 11. fxg3 O-O-O 12. Bxh3 Qxh3 13. Qe2 Nh6 14. Bxh6 Rxh6 15. b5 Ne7 16. c4 dxe4 17. dxe4 Kb8 18.
Rad1 Rxd1 19. Rxd1 Nc8 20. c5 Be7 21. a4 Qe6 22. Nfd2 Rh8 23. Nc4 g6 24. Nca5 f5 25. Qc4 Qxc4 26. Nxc4 Bf6 27. Rd7 Re8 28. Rf7 Re6 29.
h4 fxe4 30. Nbd2 e3 31. Nxe3 Be7 32. Ne4 b6 33. c6 a5 34. Kg2 Nd6 35. Nxd6 Bxd6 36.
Rg7 e4 37. Kf2 Be5 38. Rf7 Bd4 39. Ke2 Be5 40. g4 Ka7 41. Nd5 Kb8 42. g5 Bd6 43.
Rf6 Re5 44. Ne3 Rc5 45. Rxg6 Rc3 46. h5 Bc5 47. Nd5 Rc2+ 48. Kd1 Rh2 49. Rg8+ Ka7 50. Nxc7 1-0

[Event "Late-Titled-Tuesday-Blitz-November-28-2023"]
[Site "Chess.com"]
[Date "2023.11.28"]
[Round "6"]
[White "YellowJacek"]
[Black "venturov"]
[Result "1/2-1/2"]
[WhiteElo "2351"]
[BlackElo "2474"]
[TimeControl "180+1"]
[EndTime "15:05:29 PST"]
[Termination "Game drawn - insufficient material"]

1. c4 g6 2. g3 Bg7 3. Bg2 e5 4. Nc3 Ne7 5. e4 O-O 6. Nge2 c6 7. O-O d6 8. d3 Be6 9. Rb1 d5 10. exd5 cxd5 11. b3 Nbc6 12. Ba3 Re8 13. Nb5 Qd7 14. Re1 a6 15. Nbc3 Rad8 16. Bc5 Qc7 17. Na4 Nc8 18. Qc2 dxc4 19. dxc4 Bf5 20. Be4 Bxe4 21.
Qxe4 f5 22. Qh4 b5 23. Nac3 Nd4 24. Nxd4 exd4 25. Rxe8+ Rxe8 26. Bxd4 Bxd4 27. Qxd4 bxc4 28. Nd5 Qe5 29. Qxc4 Nd6 30. Qc6 Rc8 31. Qxa6 Qxd5 32.
Re1 Rd8 33. Qe2 Ne4 34. a4 Qd2 35. Qxd2 Rxd2 36. f3 Nc5 37. Re3 Rb2 38. Rc3 Nxb3 39. Rc8+ Kg7 40. Rb8 Rb1+ 41. Kg2 Nd2 42. Rxb1 Nxb1 43.
a5 Nc3 44. a6 Nb5 45. Kf2 Kf6 46. Ke3 Ke5 47. Kd3 Kd5 48. Ke3 g5 49. h4 h6 50.
hxg5 hxg5 51. Kd3 Kc6 52. Kc4 Kb6 53. Kd5 Kxa6 54. Ke5 g4 55. fxg4 fxg4 56. Kf4 Kb6 57. Kxg4 Kc6 58. Kf5 Kd7 59. g4 Ke8 60. Kg6 Kf8 61.
Kh6 Kg8 62. g5 Nd6 63. g6 Ne8 64. g7 Nxg7 1/2-1/2

[Event "Late-Titled-Tuesday-Blitz-November-28-2023"]
[Site "Chess.com"]
[Date "2023.11.28"]
[Round "6"]
[White "Harry_Rakkel"]
[Black "VitaliyChayka"]
[Result "1-0"]
[WhiteElo "2660"]
[BlackElo "2417"]
[TimeControl "180+1"]
[EndTime "15:05:30 PST"]
[Termination "Harry_Rakkel won on time"]

1. c4 e6 2. g3 d5 3. Bg2 Nf6 4. Nf3 c6 5. O-O Bd6 6. b3 O-O 7. Bb2 Nbd7 8. d3 Qe7 9. Nbd2 e5 10. cxd5 cxd5 11. Rc1 a5 12. Nh4 Nb6 13. e4 Bg4 14. f3 Be6 15. a4 Rac8 16. Qe2 Ba3 17. Rxc8 Rxc8 18. Bxe5 Rc2 19. Qd1 Qc5+ 20. d4 Qc8 21. Bxf6 gxf6 22. exd5 Nxd5 23. Nc4 Rxc4 24. bxc4 Ne3 25.
Qd3 Nxf1 26. Bxf1 Bb4 27. d5 Qc5+ 28. Kg2 Bd7 29. Qe4 Bc3 30. Bd3 Kf8 31. Nf5 Bxa4 32.
Kh3 Bd7 33. Qg4 Bxf5 34. Qxf5 a4 35. Qxh7 a3 36. Qh8+ Ke7 37. Qa8 Qb6 38. Bf5 Qa6 39. Qxa6 bxa6 40. Bb1 Kd6 41. Kg4 Ke5 42. f4+ Kd6 43.
Kf5 Kc5 44. h4 Kxc4 45. d6 Ba5 46. Ba2+ Kc3 47. h5 Kb2 48. Bxf7 a2 49. Bxa2 Kxa2 50. h6 Bd8 51. h7 1-0

[Event "Late-Titled-Tuesday-Blitz-November-28-2023"]
[Site "Chess.com"]
[Date "2023.11.28"]
[Round "6"]
[White "HalfIsCrayfish"]
[Black "krzyzan94"]
[Result "1/2-1/2"]
[WhiteElo "2602"]
[BlackElo "2736"]
[TimeControl "180+1"]
[EndTime "15:05:32 PST"]
[Termination "Game drawn by repetition"]

1. e4 c5 2. Nc3 d6 3. d4 cxd4 4. Qxd4 Nc6 5. Bb5 Bd7 6. Bxc6 Bxc6 7. Bg5 Qa5 8. Nf3 Nf6 9. O-O-O Rc8 10. Kb1 e5 11.
Qd3 Nd7 12. Nd5 Bxd5 13. Qxd5 Qxd5 14. Rxd5 g6 15. Nd2 f5 16. f3 Nc5 17. Rd1 fxe4 18. Nxe4 Nxe4 19. fxe4 h6 20. Be3 a6 21. b3 Rh7 22. c4 Rf7 23. a4 Be7 24. c5 dxc5 25.
Rxe5 Rc6 26. Kc2 g5 27. h3 Kf8 28. Rd7 Bd6 29. Rd8+ Kg7 30. Re6 Be7 31. Rxc6 Bxd8 32. Rxc5 Bb6 33. Rc3 Bxe3 34. Rxe3 Rf2+ 35. Kd1 Rxg2 36. e5 Kf7 37. Rf3+ Ke6 38. Rf6+ Kxe5 39. Rxh6 Rg3 40. Rb6 Rxh3 41. Rxb7 g4 42. Ke1 Rh2 43.
b4 g3 44. Kf1 Kf4 45. b5 axb5 46. axb5 Rf2+ 47. Kg1 Rb2 48. Rf7+ Ke3 49. Re7+ Kf3 50.
Rf7+ Ke4 51. Re7+ Kf5 52. Rf7+ Kg5 53. Rg7+ Kh4 54. Rh7+ Kg4 55. Rg7+ Kf3 56. Rf7+ Kg4 57. Rg7+ Kf3 58. Rf7+ 1/2-1/2

[Event "Late-Titled-Tuesday-Blitz-November-28-2023"]
[Site "Chess.com"]
[Date "2023.11.28"]
[Round "6"]
[White "picturesquecheck"]
[Black "OPQRC"]
[Result "0-1"]
[WhiteElo "2364"]
[BlackElo "2541"]
[TimeControl "180+1"]
[EndTime "15:05:33 PST"]
[Termination "OPQRC won by resignation"]

1. e4 c5 2. Nf3 Nc6 3. d4 cxd4 4. Nxd4 Nf6 5. Nc3 e5 6. Ndb5 d6 7. Nd5 Nxd5 8. exd5 Nb8 9. a4 Be7 10. Be2 O-O 11.
O-O f5 12. Bd2 Nd7 13. a5 e4 14. c4 f4 15. f3 exf3 16. Bxf3 Ne5 17. b3 g5 18. Be4 Bf5 19. Bxf5 Rxf5 20. Nd4 Rf6 21. Bc3 Qe8 22. Ne6 Qg6 23. Bxe5 dxe5 24. Qg4 h5 25.
Qe2 e4 26. Rae1 e3 27. Rd1 Rc8 28. Kh1 Bd6 29. Rd4 Be5 30. Rdd1 g4 31. c5 Qe4 32.
Ng5 Qf5 33. Ne6 Rg6 34. Nxf4 Bxf4 35. Rd4 Rf6 36. g3 Re8 37. Rdxf4 Qxd5+ 38. Kg1 Rxf4 39. Rxf4 Re6 40. Rf1 Qd2 41. Re1 Qxe2 42. Rxe2 Kf7 43.
b4 Re4 44. Kg2 Rxb4 45. Rxe3 Rb5 46. Rd3 Rxc5 47. Rd7+ Kg6 48. Rxb7 Rxa5 49. h3 Ra2+ 50. Kg1 gxh3 51. Rb5 a5 52. Rb6+ Kg5 53. Rb5+ Kg4 0-1